 Dungeon Crawl Stone Soup version 0.31.0-32-g396128a36d (webtiles) character file.

Game seed: 10324438206561560383

387 AdnanSaban the Trooper (level 6, -2/40 HPs)
             Began as a Gargoyle Fighter on Apr 15, 2024.
             Slain by an orc wizard
             ... wielding a +0 dagger
              (3 damage)
             ... on level 4 of the Dungeon.
             The game lasted 00:02:03 (2102 turns).

AdnanSaban the Trooper (Gargoyle Fighter)           Turns: 2102, Time: 00:02:05

Health: -2/40      AC: 19    Str: 22    XL:     6   Next: 78%
Magic:  6/6        EV:  7    Int:  8    God:
Gold:   206        SH:  0    Dex:  9    Spells: 5/5 levels left

rFire   . . .        a - +0 flail
rCold   . . .        l - +0 kite shield
rNeg    + . .        m - +0 chain mail
rPois   ∞            (no helmet)
rElec   +            (no cloak)
rCorr   .            (no gloves)
SInv    .            n - +0 pair of boots
Will    .....        (no amulet) Stlth
                     b - +4 ring of protection
HPRegen 0.26/turn    (no ring)
MPRegen 0.10/turn

%: no passive effects
@: confused
A: sickness immunity, AC +4, negative energy resistance 1, electricity
resistance, torment resistance 1, petrification resistance
a: no special abilities


You were on level 4 of the Dungeon.
You visited 1 branch of the dungeon, and saw 4 of its levels.

You collected 206 gold pieces.

Inventory:

Hand Weapons
 a - a +0 flail (weapon)
Armour
 l - a +0 kite shield (worn)
 m - a +0 chain mail (worn)
 n - a +0 pair of boots (worn)
Jewellery
 b - a +4 ring of protection (left hand)
Scrolls
 c - 2 scrolls of torment {unknown}
 f - 4 scrolls of teleportation {unknown}
 h - a scroll of vulnerability {unknown}
 i - a scroll of fog {unknown}
 j - 2 scrolls of noise {unknown}
 k - 2 scrolls of poison {unknown}
 p - 3 scrolls of amnesia {unknown}
Potions
 d - 2 potions of might
 e - 2 potions of mutation {unknown}
 g - a potion of heal wounds {unknown}
 o - a potion of degeneration {unknown}
 q - a potion of lignification {unknown}


   Skills:
 + Level 4.9 Fighting
 + Level 4.3 Maces & Flails
 + Level 4.2 Armour
 + Level 1.0 Dodging
 + Level 4.8 Shields


You had 5 spell levels left.
You didn't know any spells.
Your spell library was empty.

Dungeon Overview and Level Annotations

Branches:
Dungeon (4/15)
 Temple: D:4-7

Altars:
Fedhas
Vehumet

Shops:
D:1 *


Innate Abilities, Weirdness & Mutations

You are immune to sickness and miasma.
Your stone body is resilient. (AC +4)
You are immune to poison.
You resist negative energy. (rN+)
You are resistant to electric shocks. (rElec)
You are resistant to unholy torment.
You are immune to petrification.


Message History

Your Maces & Flails skill increases to level 4!
Your Armour skill increases to level 4!
Your Dodging skill increases to level 1!
You barely miss something. You block the orc's attack.
You hear some strange, mumbled words.
Something tries to affect you, but you resist.
You block the orc's attack. You block something's attack.
You barely miss something. You block something's attack.
You block the orc's attack. You block something's attack.
You hit the orc.
The orc is almost dead.
You hear some strange, mumbled words.
You are confused.
The orc hits you but does no damage. Something hits you but does no damage.
You hit the orc but do no damage.
The orc is almost dead.
Something hits you but does no damage. The orc barely misses you.
Something hits you but does no damage. The orc hits you but does no damage.
Something hits you but does no damage. x2
You hit the orc but do no damage.
The orc is almost dead.
Something hits you but does no damage. The orc closely misses you.
Something hits you but does no damage. Something hits you but does no damage.
You closely miss the orc.
The orc is almost dead.
Something hits you.
* * * LOW HITPOINT WARNING * * *
Something hits you but does no damage. The orc barely misses you.
You feel less confused.
A magic dart appears from out of thin air!
The magic dart hits you.
* * * LOW HITPOINT WARNING * * *
You closely miss the orc.
The orc is almost dead.
The orc hits you but does no damage.
You hear some strange, mumbled words.
You are confused.
Something hits you.
You die...

#.........# #.........#
#.........#######
#...............# .
#...............# ?..
#....>..........# ...
#!..............##...
#....................
#######..o@................
......†..{..............^..
$.....)####....#.......#...
....... ..#..#......††...
....... ##...#.......####
....... #.#.#####.......
#...... .#.............
#....). ###...#........
....... .............


You could see an orc.

Vanquished Creatures
  A wyvern (D:4)
  A scorpion (D:4)
  A hound (D:4)
  2 iguanas (D:4)
  2 adders (D:3)
  5 dart slugs
  2 ribbon worms
  5 bats
  4 endoplasms
  2 giant cockroaches (D:3)
  6 goblins
  8 hobgoblins
  3 jackals (D:2)
  5 kobolds
  2 quokkas
  3 ball pythons
  5 frilled lizards
  10 rats
67 creatures vanquished.

Notes
Turn   | Place    | Note
-------+----------+-------------------------------------------
     0 | D:1      | AdnanSaban the Gargoyle Fighter began the quest for the
                  | Orb.
     0 | D:1      | Reached XP level 1. HP: 14/14 MP: 1/1
   113 | D:1      | Reached XP level 2. HP: 15/19 MP: 2/2
   317 | D:1      | Found Tuupuc's General Store.
   344 | D:1      | You fall into a shaft and drop 1 floor!
   344 | D:2      | Found a blossoming altar of Fedhas.
   414 | D:2      | Reached XP level 3. HP: 23/23 MP: 3/3
  1162 | D:3      | Reached XP level 4. HP: 28/29 MP: 4/4
  1252 | D:3      | Found a faded altar of an unknown god.
  1349 | D:3      | Found a radiant altar of Vehumet.
  1950 | D:4      | Reached XP level 5. HP: 23/33 MP: 5/5
  2049 | D:4      | Reached XP level 6. HP: 37/39 MP: 6/6
  2076 | D:4      | Noticed a wyvern
  2092 | D:4      | Killed a wyvern
  2093 | D:4      | Reached skill level 1 in Dodging
  2099 | D:4      | HP: 2/40 [something (2)]
  2102 | D:4      | Slain by an orc wizard

Illustrated notes

Levels and vault maps discovered:
D:1:      ncdulo_watergridlock, layout_basic, serial_shops, shop
D:2:      layout_basic, basic_altar, st_stairs_9
D:3:      layout_basic, nicolae_vehumet_radiance,
          shapermc_ecumenical_altar_pompeii, dreamdust_wishing_well,
          roderic_lattice_a, minmay_mini_jars
D:4:      layout_rooms, lemuel_mausoleum_altar_kikubaaqudgha, serial_shops,
          nicolae_shop_back_alley_shop, uniq_grinder

Skill      XL: |  1  2  3  4  5  6 |
---------------+-------------------+-----
Maces & Flails | 3 4 |  4.3
Shields        | 4 |  4.8
Fighting       | 4 |  4.9
Armour         | 4 |  4.2
Dodging        | 1 |  1.0

Action                     |  1- 3 |  4- 6 || total
---------------------------+-------+-------++-------
  Melee: Flail             |   115 |    99 ||   214
 Armour: Scale mail        |    72 |       ||    72
         Chain mail        |     1 |   105 ||   106
  Dodge: Dodged            |    64 |    33 ||    97
  Block: Buckler           |     9 |       ||     9
         Kite shield       |    14 |    57 ||    71
